 Dungeon Crawl Stone Soup version 0.31.0-12-g77e489cdc1 (webtiles) character file.

Game seed: 1476522625518508238

6741 spaghetti the Skirmisher (level 11, -3/90 HPs)
             Began as a Naga Hunter on Feb 17, 2024.
             Was an Elder of Hepliaklqana.
             Slain by a killer bee (4 damage)
             ... on level 10 of the Dungeon.
             The game lasted 00:10:58 (8329 turns).

spaghetti the Skirmisher (Naga Hunter)              Turns: 8329, Time: 00:10:58

Health: -3/90      AC:  4    Str: 12 (13) XL:     11   Next: 4%
Magic:  16/16      EV: 10    Int:  7 (9)  God:    Hepliaklqana [****..]
Gold:   285        SH:  0    Dex: 21 (22) Spells: 10/10 levels left

rFire   . . .        H - +0 arbalest (freeze)
rCold   + + .        (shield currently unavailable)
rNeg    . . .        y - +0 robe "Ifouj" {Harm rC++ Dex-4 SInv}
rPois   +            (no helmet)
rElec   .            (no cloak)
rCorr   .            (no gloves)
SInv    +            (no barding)
Will    +....        J - amulet of faith
Stlth   ++           b - +4 ring of slaying
HPRegen 0.35/turn    k - +6 ring of dexterity
MPRegen 0.15/turn

%: harm (+30% outgoing, +20% incoming), faith
@: lethally poisoned (-3 -> -7), hasted, quick
A: reduced essence, AC +3, large, see invisible, deformed body, poison
resistance, slowness 2, spit poison 1, naga tail 1
a: Spit Poison, Renounce Religion, Recall Ancestor, Ancestor Identity,
Transference, Idealise


You were on level 10 of the Dungeon.
You worshipped Hepliaklqana.
Hepliaklqana was greatly pleased with you.
You visited 1 branch of the dungeon, and saw 10 of its levels.
You also visited: Bailey.

You collected 418 gold pieces.
You spent 133 gold pieces at shops.

Inventory:

Hand Weapons
 a - a +0 heavy shortbow
 t - a +0 triple sword of freezing
 A - a +4 dagger of venom
 H - a +0 arbalest of freezing (weapon)
Armour
 c - a +0 leather armour
 p - a +2 robe of fire resistance
 y - the +0 robe "Ifouj" (worn) {Harm rC++ Dex-4 SInv}
   (You found it on level 5 of the Dungeon)

   Dex-4:     It affects your dexterity (-4).
   rC++:      It greatly protects you from cold.
   SInv:      It lets you see invisible.
   Harm:      It increases damage dealt and taken.
Jewellery
 b - a +4 ring of slaying (left hand)
 k - a +6 ring of dexterity (right hand)
 l - a ring of protection from fire
 B - a ring of magical power
 F - a +6 ring of intelligence
 J - an amulet of faith (around neck)
Wands
 x - a wand of flame (25)
 z - a wand of paralysis (8)
 E - a wand of mindburst (18)
Scrolls
 d - 2 scrolls of poison {unknown}
 f - a scroll of noise {unknown}
 g - a scroll of torment {unknown}
 i - 2 scrolls of enchant armour
 n - 4 scrolls of revelation
 q - a scroll of amnesia {unknown}
 s - 2 scrolls of blinking {unknown}
 v - 2 scrolls of vulnerability {unknown}
 w - a scroll of enchant weapon {unknown}
 G - a scroll of fog {unknown}
 K - 2 scrolls of identify
Potions
 e - 3 potions of degeneration
 h - a potion of attraction {unknown}
 j - a potion of cancellation {unknown}
 m - a potion of enlightenment {unknown}
 o - 2 potions of mutation {unknown}
 r - 2 potions of berserk rage {unknown}
 u - 3 potions of haste
 C - a potion of lignification {unknown}
 D - a potion of ambrosia {unknown}
 I - 3 potions of might {unknown}


   Skills:
 + Level 7.3 Fighting
 + Level 12.7 Ranged Weapons
 - Level 1.5 Dodging
 - Level 1.5 Stealth
 + Level 7.4 Invocations


You had 10 spell levels left.
You didn't know any spells.
Your spell library contained the following spells:

 Spells                   Type           Power      Damage    Failure   Level
 Apportation              Tloc           0%         N/A       43%         1
 Ensorcelled Hibernation  Hex/Ice        0%         N/A       56%         2
 Jinxbite                 Hex            0%         N/A       56%         2
 Scorch                   Fire           0%         2d5       56%         2
 Passwall                 Erth           0%         N/A       80%         3
 Swiftness                Air            0%         N/A       80%         3
 Anguish                  Hex/Necr       0%         N/A       99%         4
 Cause Fear               Hex            0%         N/A       99%         4
 Flame Wave               Conj/Fire      0%         2d4       99%         4
 Alistair's Intoxication  Alch           0%         N/A       100%        5
 Summon Cactus Giant      Summ           0%         N/A       100%        6
 Enfeeble                 Hex            0%         N/A       100%        7


Dungeon Overview and Level Annotations

Branches:
Dungeon (10/15)            Temple (0/1) D:5          Bailey (visited)
   Lair: D:8-11         Orc: D:9-12

Altars:
Ashenzari
Cheibriados
Fedhas
Gozag
Hepliaklqana
Kikubaaqudgha
Makhleb
Nemelex Xobeh
Trog
Wu Jian
Xom
Zin
The Shining One

Shops:
D:3 ?

Annotations:
D:7 exclusion: knight


Innate Abilities, Weirdness & Mutations

Your life essence is reduced to manifest your ancestor. (-10% HP)
Your serpentine skin is tough. (AC +3)
You have supernaturally acute eyesight. (SInv)
Armour fits poorly on your strangely shaped body.
Your system is resistant to poisons. (rPois)
You cover ground very slowly.
You can spit poison.
You have a snake-like lower body.


Message History

The killer bee poisons you! The killer bee closely misses you.
The killer bee stings you!
You are more poisoned.
The killer bee poisons you! The killer bee barely misses you.
The killer bee stings you but does no damage.
Unknown command.
Unknown command.
You shoot a bolt. The bolt hits the killer bee!
The bolt freezes the killer bee.
You kill the killer bee!
You feel very sick.
The killer bee closely misses you. Æðelind barely misses the killer bee.
The killer bee closely misses you. x2
Unknown command.
Unknown command.
You shoot a bolt. The bolt barely misses the killer bee.
You feel very sick.
The killer bee stings you but does no damage.
The killer bee stings you. x2; The killer bee stings you!
* * * LOW HITPOINT WARNING * * *
Æðelind barely misses the killer bee.
The killer bee barely misses you. The killer bee stings you.
* * * LOW HITPOINT WARNING * * *
Unknown command.
It was a potion of degeneration.
There was something very wrong with that liquid.
You feel weakened.
You feel dopey.
You feel clumsy.
You feel sick. The killer bee barely misses you.
A killer bee comes into view.
The killer bee stings you.
* * * LOW HITPOINT WARNING * * *
Æðelind closely misses the killer bee.
The killer bee barely misses you. The killer bee stings you.
* * * LOW HITPOINT WARNING * * *
The killer bee moves out of view.
Okay, then.
It was a potion of haste.
You feel yourself speed up.
* * * LOW HITPOINT WARNING * * *
You feel sick. The killer bee closely misses you. The killer bee stings you.
You die...

.. ...........<. .
.. #.##.##.##### ..
.###.##.##.# ..
...........#
#.#####.###..####
#......# #..#######
#.##..#.###........#
#..##.(.........#
#@R##..#######..#
♣yy.♣###♣ .# ♣y♣♣♣
y♣ ≈~ ~~~ .~~ ...#


You could see the friendly Æðelind the knight and 4 killer bees.

Vanquished Creatures
  2 two-headed ogres
  3 yaks (D:9)
  A steam dragon (D:9)
  4 water moccasins
  8 orc warriors
  An ice beast (D:7)
  5 centaurs
  2 phantoms
  3 kobold brigands
  A gnoll sergeant (D:9)
  A scorpion (D:4)
  A burial acolyte (D:7)
  3 wights (D:8)
  6 killer bees
  2 howler monkeys
  2 jellies (D:6)
  4 hounds
  6 orc priests
  3 sleepcaps
  Ijyb (D:5)
  An iguana (D:5)
  9 orc wizards
  A hound zombie (D:3)
  7 gnolls
  5 adders
  3 white imps
  2 ufetubi (D:5)
  An adder skeleton (D:3)
  2 adder zombies
  A ribbon worm (D:2)
  A dart slug (D:3)
  25 orcs
  7 endoplasms
  3 giant cockroaches
  8 hobgoblins
  7 jackals (D:1)
  26 kobolds
  6 quokkas
  5 ball pythons
  4 bats
  2 frilled lizards
  9 goblins
  2 jackal zombies (D:7)
  A quokka zombie (D:3)
  3 rats
200 creatures vanquished.

Vanquished Creatures (collateral kills)
  Erolcha (D:9)
  3 yaks (D:9)
  A phantom (D:6)
  A kobold brigand (D:7)
  A howler monkey (D:8)
  A hound (D:6)
  An orc priest (D:9)
  2 orc wizards (D:7)
  A white imp (D:7)
  2 ufetubi (D:6)
  5 orcs
  3 kobolds (D:7)
22 creatures vanquished.

Vanquished Creatures (others)
  An ancestor (D:4)
1 creature vanquished.

Grand Total: 223 creatures vanquished

Notes
Turn   | Place    | Note
-------+----------+-------------------------------------------
     0 | D:1      | spaghetti the Naga Hunter began the quest for the Orb.
     0 | D:1      | Reached XP level 1. HP: 19/19 MP: 1/1
   197 | D:1      | Reached skill level 4 in Ranged Weapons
   197 | D:1      | Reached XP level 2. HP: 24/26 MP: 2/2
   459 | D:1      | Reached XP level 3. HP: 32/32 MP: 3/3
  1459 | D:2      | Reached skill level 5 in Ranged Weapons
  1459 | D:2      | Reached XP level 4. HP: 37/39 MP: 4/4
  1773 | D:3      | Found a hazy altar of Hepliaklqana.
  1849 | D:3      | Became a worshipper of Hepliaklqana the Forgotten
  1888 | D:3      | HP: 1/39 [gnoll/+0 flail (14)]
  1924 | D:3      | Reached XP level 5. HP: 21/45 MP: 5/5
  2212 | D:3      | Identified the +2 chain mail of Hasoydic {^Contam rF++
                  | rN+++ Stlth-}
  2219 | D:3      | Found a burning altar of Makhleb.
  2219 | D:3      | Noticed an Executioner
  2269 | D:3      | Found Buko's Magic Scroll Shoppe.
  2277 | D:3      | Bought a scroll of brand weapon for 133 gold pieces
  2399 | D:3      | Found a shimmering altar of Xom.
  2529 | D:3      | Found an opulent altar of Gozag.
  2532 | D:3      | Reached skill level 6 in Ranged Weapons
  2757 | D:4      | Reached * piety under Hepliaklqana
  2789 | D:4      | Reached XP level 6. HP: 34/46 MP: 6/6
  2915 | D:4      | Reached skill level 7 in Ranged Weapons
  3059 | D:5      | Entered Level 5 of the Dungeon
  3068 | D:5      | Identified the +0 robe "Ifouj" {Harm rC++ Dex-4 SInv}
  3122 | D:5      | Found a blossoming altar of Fedhas.
  3122 | D:5      | Noticed Ijyb
  3125 | D:5      | Killed Ijyb
  3126 | D:5      | Reached XP level 7. HP: 27/54 MP: 7/7
  3258 | D:5      | Found a staircase to the Ecumenical Temple.
  3714 | D:5      | Found a glowing golden altar of the Shining One.
  3818 | D:6      | Found a glowing silver altar of Zin.
  3821 | D:6      | Reached skill level 8 in Ranged Weapons
  4009 | D:6      | Reached skill level 9 in Ranged Weapons
  4009 | D:6      | Reached XP level 8. HP: 60/60 MP: 8/8
  4043 | D:6      | Reached ** piety under Hepliaklqana
  4044 | D:6      | Remembered your ancestor Æðelind as a knight
  4292 | D:6      | Found a bloodstained altar of Trog.
  4688 | D:7      | Reached skill level 10 in Ranged Weapons
  5083 | D:7      | Reached XP level 9. HP: 50/65 MP: 9/9
  5136 | D:7      | Found an ancient bone altar of Kikubaaqudgha.
  5211 | D:7      | Reached skill level 11 in Ranged Weapons
  5325 | D:7      | Found a snail-covered altar of Cheibriados.
  5412 | D:7      | Reached skill level 1 in Invocations
  5693 | D:8      | Found a flagged portal.
  5705 | Bailey   | Entered a bailey
  5888 | Bailey   | Reached *** piety under Hepliaklqana
  6223 | Bailey   | Noticed an orc knight
  6413 | D:8      | Noticed a two-headed ogre
  6416 | D:8      | Killed a two-headed ogre
  6859 | D:8      | Found a sparkling altar of Nemelex Xobeh.
  6924 | D:8      | Reached XP level 10. HP: 78/78 MP: 13/13
  6928 | D:8      | Reached skill level 5 in Fighting
  7017 | D:8      | Reached skill level 5 in Invocations
  7191 | D:9      | Reached skill level 12 in Ranged Weapons
  7290 | D:9      | Noticed Erolcha
  7305 | D:9      | Killed Erolcha
  7448 | D:9      | Noticed a two-headed ogre
  7450 | D:9      | Killed a two-headed ogre
  7502 | D:9      | Found a broken altar of Ashenzari.
  7536 | D:9      | Reached **** piety under Hepliaklqana
  7635 | D:9      | Found an ornate altar of the Wu Jian Council.
  7795 | D:9      | Reached XP level 11. HP: 77/90 MP: 16/16
  8292 | D:10     | Entered Level 10 of the Dungeon
  8328 | D:10     | HP: 3/90 [killer bee (7)]
  8329 | D:10     | HP: 1/90 [poisoned by a killer bee]
  8329 | D:10     | Slain by a killer bee

Illustrated notes

Levels and vault maps discovered:
D:1:      lemuel_arrival_river_ford, layout_basic, serial_forest,
          infiniplex_forest_clump_small, infiniplex_forest_lined_4_way,
          infiniplex_forest_clump_small, infiniplex_forest_straight_1,
          infiniplex_forest_lined_2, grunt_decor_resistance, minivault_14,
          dreamdust_wishing_well, minmay_cut_off
D:2:      layout_basic
D:3:      layout_basic, regret_index_xom_buried_treasure,
          mainiacjoe_overflow_catwalk,
          nicolae_gozag_cash_rules_everything_around_me,
          makhleb_altar_promises_db, serial_undead, serial_undead_c,
          serial_undead_e, serial_undead_a, serial_undead_e, serial_shops, shop,
          minmay_misc_feat_cross, grunt_decor_mini_mirrors
D:4:      layout_basic, minmay_misc_feat_tiny, minmay_misc_feat_square,
          minmay_checkerbox
D:5:      layout_rooms, nicolae_tso_swordbearing_angel, fedhas_altar_3,
          minmay_temple_entry_tees, kennysheep_boxes, uniq_ijyb
D:6:      layout_loops_ring, mainiacjoe_overflow_paths,
          nicolae_overflow_crystal_walls
D:7:      layout_loops_cross, cheibrodos_worm_habitat,
          lemuel_zombie_altar_kikubaaqudgha
D:8:      layout_loops_ring, general_overflow_altar, enter_bailey_5,
          serial_rivers, chequers_serial_rivers_room_a,
          chequers_serial_rivers_marsh, chequers_serial_rivers_micro_c,
          chequers_serial_rivers_micro_c, chequers_serial_rivers_room_a
D:9:      layout_gridville, nicolae_overflow_hidden_temple,
          nicolae_wu_jian_glorious_leap, uniq_erolcha
D:10:     wad_woods_minihive, layout_loops_ring,
          mainiacjoe_overflow_small_starburst, orc_0_dummy, minmay_evil_grid

Skill      XL: |  1  2  3  4  5  6  7  8  9 10 |
---------------+-------------------------------+-----
Ranged Weapons | 4 5 6 7 9 10 11 12 | 12.7
Invocations    | 4 7 |  7.4
Fighting       | 4 7 |  7.3
Dodging        | |  1.5
Stealth        | |  1.5

Action                     |  1- 3 |  4- 6 |  7- 9 | 10-12 || total
---------------------------+-------+-------+-------+-------++-------
   Fire: Shortbow          |   104 |   133 |   175 |       ||   412
         Arbalest          |       |       |    40 |    87 ||   127
 Invoke: Ancestor Life: Kn |       |       |     1 |       ||     1
         Recall Ancestor   |       |       |     1 |     1 ||     2
Ability: Spit Poison       |       |     1 |       |       ||     1
    Use: Scroll            |       |     2 |     3 |       ||     5
         Potion            |       |     1 |       |     2 ||     3
 Armour: Leather armour    |    23 |    30 |       |       ||    53
         Robe              |       |    13 |    60 |    36 ||   109
  Dodge: Dodged            |    18 |    28 |    37 |    28 ||   111
